Map: Kairos Junction LE

Players

GunGFuBanDa

  • Race: Protoss Protoss
  • League: Grandmaster
  • Spawn Location: 5:00

Lambo - Winner!

  • Race: Zerg Zerg
  • League: Grandmaster
  • Spawn Location: 11:00

VOD

Have the link to the VOD?

Description

Time

  • Played on: Dec. 15, 2018, 10:33 a.m.
  • Length: 7:57
Show
View Real Time Build Order
Export as new Build Order

GunGFuBanDa Protoss 

Build Orders: 1 Gate Expand, Oracle Opening, Phoenix Opening 

Get SALT Encoding   

  12  0:01  Probe  
  13  0:13  Probe  
  14  0:17  Pylon  
  14  0:24  Probe  
  15  0:32  Probe  
  15  0:37  Gateway  
  15  0:40  Probe  
  16  0:47  Assimilator  
  17  0:51  Probe  
  18  1:03  Probe  
  19  1:15  Probe  
  20  1:23  Nexus  
  20  1:32  Cybernetics Core  
  20  1:36  Probe  
  21  1:40  Assimilator  
  21  1:48  Probe  
  21  1:52  Pylon  
  22  2:00  Probe  
  23  2:01  Adept  
  23  2:09  Warp Gate  
  23  2:12  Probe  
  26  2:24  Stargate, Probe  
  26  2:27  Adept  
  29  2:33  Probe x2  
  30  2:41  Probe  
  31  2:46  Probe  
  31  2:51  Probe  
  34  2:59  Probe  
  34  3:03  Probe  
  34  3:04  Phoenix  
  36  3:11  Probe  
  36  3:12  Gateway  
  39  3:15  Probe  
  39  3:19  Pylon  
  40  3:22  Oracle  
  40  3:23  Probe  
  41  3:27  Probe  
  41  3:33  Gateway  
  45  3:35  Probe  
  46  3:45  Probe  
  46  3:47  Probe  
  48  3:53  Pylon  
  48  3:54  Oracle  
  48  3:57  Probe  
  48  3:58  Pylon  
  48  3:59  Probe  
  53  4:11  Probe x2  
  53  4:12  Adept x2  
  59  4:24  Probe x2  
  59  4:29  Shield Battery  
  59  4:30  Zealot  
  63  4:33  Pylon  
  63  4:34  Zealot  
  63  4:35  Zealot  
  67  4:47  Nexus  
  67  4:49  Pylon  
  67  5:02  Probe  
  67  5:04  Probe  
  69  5:09  Adept x3  
  69  5:13  Assimilator  
  73  5:14  Probe, Assimilator  
  73  5:16  Probe  
  73  5:17  Nexus  
  73  5:19  Shield Battery  
  75  5:23  Robotics Facility  
  75  5:26  Probe  
  76  5:33  Sentry x2, Stalker  
  82  5:43  Shield Battery  
  80  5:53  Shield Battery  
  80  5:59  Gateway, Stalker  
  80  6:01  Stalker  
  80  6:02  Stalker  
  86  6:11  Pylon  
  86  6:12  Immortal  
  86  6:16  Pylon  
  86  6:21  Probe x2  
  86  6:29  Stalker x3  
  89  6:34  Pylon  
  85  6:40  Immortal  
  83  6:52  Stalker, Pylon  
  83  6:53  Stalker x2  
  77  7:03  Sentry, Shield Battery  
  67  7:15  Shield Battery  
  66  7:16  Stalker x2  
  66  7:17  Pylon, Stalker  
  76  7:23  Cybernetics Core  
  76  7:28  Pylon  
  76  7:40  Stalker  
  76  7:42  Zealot  
  76  7:43  Sentry  
Show
View Real Time Build Order
Export as new Build Order

Lambo Zerg - Winner!

Build Orders: Hatch First 

Get SALT Encoding   

  12  0:01  Drone  
  13  0:13  Overlord  
  13  0:19  Drone  
  14  0:31  Drone x2  
  16  0:48  Hatchery  
  15  0:52  Drone  
  15  0:55  Drone  
  17  0:58  Drone  
  18  1:09  Extractor  
  17  1:13  Spawning Pool  
  17  1:17  Drone  
  17  1:20  Drone  
  18  1:29  Drone  
  19  1:40  Drone  
  20  1:52  Overlord  
  20  2:00  Queen x2  
  24  2:01  Zergling x4  
  26  2:09  Metabolic Boost  
  26  2:11  Drone  
  26  2:14  Drone  
  28  2:22  Drone  
  29  2:27  Drone  
  30  2:36  Hatchery  
  29  2:38  Drone  
  30  2:51  Queen  
  29  2:52  Overlord  
  29  2:53  Drone  
  29  2:56  Zergling x4  
  34  2:58  Zergling x2  
  36  3:05  Zergling x2  
  36  3:11  Zergling x4  
  36  3:12  Zergling x2  
  39  3:13  Zergling x4  
  41  3:20  Overlord, Drone  
  41  3:21  Drone  
  41  3:24  Drone  
  44  3:39  Overlord  
  44  3:41  Overlord  
  44  3:45  Drone  
  45  3:49  Drone x2  
  45  3:51  Drone x2  
  45  3:54  Queen, Extractor  
  45  3:55  Overlord x2  
  50  4:00  Drone x3  
  55  4:02  Drone  
  55  4:06  Drone x2  
  55  4:09  Spore Crawler  
  56  4:11  Drone  
  55  4:18  Drone x4  
  55  4:22  Extractor  
  55  4:23  Extractor  
  56  4:25  Spore Crawler, Drone  
  56  4:26  Drone  
  56  4:31  Roach Warren, Drone  
  57  4:35  Queen  
  57  4:37  Drone  
  60  4:40  Drone x2  
  60  4:43  Drone x2  
  60  4:45  Drone  
  65  4:48  Drone  
  66  4:59  Overlord  
  59  5:11  Overlord  
  59  5:12  Overlord  
  59  5:13  Roach x6  
  71  5:16  Queen  
  71  5:18  Roach  
  77  5:21  Roach  
  77  5:23  Roach  
  78  5:29  Roach x2  
  78  5:34  Roach x3  
  87  5:38  Roach  
  87  5:39  Roach  
  87  5:42  Overlord  
  91  5:48  Zergling x8  
  95  5:51  Zergling x2  
  95  5:52  Zergling x2  
  95  5:54  Overlord  
  95  5:55  Ravager  
  95  5:56  Ravager x2  
  99  5:58  Zergling x2  
  99  6:00  Zergling x2  
  99  6:01  Zergling x2  
  99  6:03  Ravager  
  103  6:04  Zergling x2  
  104  6:11  Zergling x4  
  104  6:14  Ravager  
  104  6:15  Zergling x2  
  108  6:21  Zergling x4  
  108  6:24  Zergling x12  
  105  6:37  Zergling x2  
  105  6:38  Zergling x6  
  105  6:39  Ravager x3  
  109  6:43  Zergling x4  
  108  6:51  Zergling x6  
  105  6:56  Zergling x6  
  102  7:02  Zergling x4  
  102  7:05  Ravager  
  102  7:06  Ravager  
  102  7:07  Zergling x2  
  106  7:09  Queen  
  106  7:12  Zergling x10  
  106  7:14  Ravager  
  114  7:17  Hatchery  
  112  7:26  Drone x6  
  118  7:36  Zergling x6  
Tags
 
Add a new tag
Caveats
  • Supply blocks, unpowered buildings, or Contaminate may cause inaccurate times.
  • Supply counts are checked every 10 seconds.